 Dungeon Crawl Stone Soup version 0.26.1-11-gd32895ea62 (webtiles) character file.

Game seed: 11996472678693688381

6 Ezendos the Skirmisher (level 1, 0/19 (20) HPs)
             Began as a Palentonga Delver on May 16, 2021.
             Succumbed to an adder's poison
             ... on level 3 of the Dungeon.
             The game lasted 00:02:21 (150 turns).

Ezendos the Skirmisher (Palentonga Delver)           Turns: 150, Time: 00:02:21

HP:   0/19 (20)     AC:  0    Str: 15    XL:     1   Next: 75%
MP:   1/1           EV: 19    Int: 10    God:
Gold: 0             SH:  0    Dex: 16    Spells: 0/0 levels left

rFire    . . .     SeeInvis +   (weapon currently unavailable)
rCold    . . .     Faith    .   (shield currently unavailable)
rNeg     . . .     Spirit   .   (armour currently unavailable)
rPois    .         Reflect  .   (helmet currently unavailable)
rElec    .         Harm     .   (cloak currently unavailable)
rCorr    .         Rampage  .   (gloves currently unavailable)
Will     .....                  (no barding)
Stlth    ++........             (no amulet)
HPRegen  0.06/turn              (ring currently unavailable)
MPRegen  0.07/turn              (ring currently unavailable)

@: mighty, lethally poisoned (0 -> -6), bat-form, flying, hasted, drained, very
quick
A: tiny, rugged brown scales 3, see invisible
a: Stop Flying


You were on level 3 of the Dungeon.
You were in bat-form.
You visited 1 branch of the dungeon, and saw 3 of its levels.

Inventory:

Hand Weapons
 a - a +0 hand axe (melded)
Armour
 b - a +0 leather armour (melded)
Wands
 h - a wand of polymorph (1)
Scrolls
 c - a scroll of fog
 e - a scroll of fear


   Skills:
 + Level 3.4 Fighting
 - Level 2.0 Axes
 - Level 1.5 Dodging
 - Level 3.3 Stealth


You couldn't memorise any spells.
You didn't know any spells.
Your spell library was empty.

Dungeon Overview and Level Annotations

Branches:
Dungeon (5/15)
 Temple: D:4-7

Altars:
Elyvilon

Shops:
D:4 }   D:5 (

Annotations:
D:4 Dowan, Duvessa


Innate Abilities, Weirdness & Mutations

(You are completely covered in rugged brown scales. (AC +3, +7% HP))
You have supernaturally acute eyesight. (SInv)
((Armour fits poorly on your strangely shaped body.))
((You can roll at nearby foes to attack.))
((You have a long armoured tail.))


Message History

You feel very mighty all of a sudden.
You hit the frilled lizard.
You kill the frilled lizard!
The adder returns to its original shape as it dies.
You closely miss the orc. You slash the orc!
You kill the orc!
* * * LOW HITPOINT WARNING * * *
You feel sick.
Aiming: Polymorph
Press: ? - help, Shift-Dir - straight line, f - you That beam is likely to hit you.
Continue anyway?
You turn into a bat.
Your +0 hand axe melds into your body.
Your +0 leather armour melds into your body.
Found a stone staircase leading up.
There is an escape hatch in the ceiling here.
A mysterious force pulls you upwards. The hatch slams shut behind you.
A frilled lizard comes into view.
An adder comes into view.
You die...

S...
... ...
.. #.##
.l# #.#
#b# #.#
#.....#
#....##
#..##..
...#
...
.#.. ..
. .. .
## ##.


You could see an adder (asleep) and a frilled lizard (asleep).

Vanquished Creatures
  An adder skeleton (D:5)
  An orc (D:4)
  A frilled lizard (D:4)
3 creatures vanquished.

Notes
Turn   | Place    | Note
-------+----------+-------------------------------------------
     0 | D:5      | Ezendos the Palentonga Delver began the quest for the Orb.
     0 | D:5      | Reached XP level 1. HP: 20/20 MP: 1/1
    15 | D:5      | Noticed a howler monkey
    30 | D:5      | Noticed a hound
    68 | D:5      | Found Qease's Antique Weapon Shop.
    89 | D:5      | Found a white marble altar of Elyvilon.
    89 | D:5      | Noticed a howler monkey
    89 | D:5      | Noticed a jelly
   100 | D:4      | Found Janar's Gadget Shop.
   100 | D:4      | Noticed Duvessa
   100 | D:4      | Noticed Dowan
   110 | D:4      | Noticed an orc wizard
   150 | D:3      | Succumbed to an adder's poison

Illustrated notes

Levels and vault maps discovered:
D:3:      layout_rooms, tgw_xom, uniq_ijyb, uniq_robin
D:4:      layout_basic, bloody_makhleb, general_overflow_altar,
          minmay_temple_entry_nine_rooms, serial_shops, nicolae_shop_crystal,
          shop, shop, kennysheep_mini_moat, kennysheep_mini, lemuel_tele_altar,
          uniq_duvessa
D:5:      layout_gridville, elyvilon_altar_4, led_sif_pool,
          lemuel_crystal_altar, serial_shops, shop, fedhas_altar_2

Action                   || total
-------------------------++-------
Melee: Hand axe          ||     8
Evoke: Wand              ||    11
  Use: Potion            ||     2
       Scroll            ||     1
 Stab: Sleeping          ||     1
Armor: Leather armour    ||     3
Dodge: Dodged            ||     5
